Inferno vs Carnivores
(R1)
Created - 18 avril 2014 at 19:14
Goals
|
| Inferno |
3 |
1 |
1 |
0 |
5 |
| Carnivores |
2 |
1 |
2 |
1 |
6 |
|
Shots
|
| Inferno |
16 |
10 |
10 |
1 |
37 |
| Carnivores |
12 |
3 |
8 |
5 |
28 |
|
1st period
1. Inferno , Jonathan Ferland 1 (Brad Marchand, Pavel Vorobiev) at 2:48
2. Inferno , Brad Marchand 2 (Colin Wilson, Andrej Sekera) at 8:02 (PP)
3. Carnivores , Cal O'Reilly 3 (Josef Melichar) at 8:33 (SH)
4. Inferno , Stephane Veilleux 3 (Brian Boyle) at 17:05
5. Carnivores , David Van Der Gulik 2 (Matt Cullen, Josef Melichar) at 17:29
Penalties :
David Van Der Gulik (Bre) for Kneeing (Major) at 7:13, Andrej Meszaros (Anc) for Hooking (Minor) at 17:50
2nd period
6. Carnivores , Evgeny Grachev 1 (Chris Lawrence, Andrew Ference) at 7:46
7. Inferno , Pierre-Luc Létourneau 2 (Pavel Vorobiev) at 19:08
Penalties :
Yannick Weber (Anc) for Holding (Minor) at 14:24
3rd period
8. Inferno , Brad Marchand 3 (Mark Mitera, Jonathan Ferland) at 1:37
9. Carnivores , David Van Der Gulik 3 (Matt Cullen, Blake Geoffrion) at 1:59 (PP)
10. Carnivores , David Van Der Gulik 4 (Matt Cullen) at 2:52 (PP)
Penalties :
Brad Marchand (Anc) for Interference (Minor) at 1:56, Brian Boyle (Anc) for Hooking (Minor) at 2:37, Stephane Veilleux (Anc) for Roughing (Double Minor) at 5:31, Matt Kassian (Anc) for Holding (Minor) at 12:38, Jake Dowell (Anc) for Hooking (Minor) at 17:58
Overtime #1
11. Carnivores , Tim Conboy 3 (Cal O'Reilly) at 7:53
Penalties :
Colin Wilson (Anc) for Hooking (Minor) at 2:45
Goalie Stats
Josh Harding (Anc), 22 saves from 28 shots - (0,786), OTL, 1-1-1, 67:53 minutes
Corey Crawford (Bre), 32 saves from 37 shots - (0,865), W, 1-0-0, 67:53 minutes
Players Stats for Inferno
Player Name G A P +/- PIM S H SB GA TA FO MP PP MP PK MP
------------------------------------------------------------------------------------
Andrej Meszaros 0 0 0 1 2 3 1 1 0 0 0/0 28:50 3:00 6:17
Andrej Sekera 0 1 1 1 0 3 3 3 0 1 0/0 29:24 3:00 7:28
Brad Marchand 2 1 3 -1 2 4 4 2 0 1 0/4 22:51 2:27 3:49
Brayden Irwin 0 0 0 0 0 2 0 0 0 0 0/0 8:01 0:00 0:00
Brendan Mikkelson 0 0 0 -2 0 2 2 1 0 0 0/0 23:05 1:59 6:09
Brian Boyle 0 1 1 0 2 2 0 0 1 0 12/21 21:59 1:58 6:41
Colin Wilson 0 1 1 -1 2 3 1 0 0 0 13/31 22:20 2:27 3:36
Jake Dowell 0 0 0 1 2 0 4 0 0 0 1/4 12:18 0:00 1:30
Jonathan Ferland 1 1 2 -1 0 5 3 1 1 0 2/2 26:00 2:27 7:22
Jozef Balej 0 0 0 1 0 1 0 0 1 0 0/0 14:25 0:34 0:00
Mark Mitera 0 1 1 -1 0 0 3 1 1 1 0/0 21:36 0:00 6:28
Matt Kassian 0 0 0 0 2 0 1 0 0 0 0/0 8:35 0:00 0:16
Pavel Vorobiev 0 2 2 0 0 4 0 1 1 0 0/1 12:05 1:58 0:00
Pierre-Luc Létourneau 1 0 1 1 0 1 3 0 0 1 0/0 16:05 0:34 5:09
Stephane Veilleux 1 0 1 0 4 4 1 0 0 0 0/0 16:10 1:58 0:05
Vladimir Zharkov 0 0 0 0 0 0 1 0 1 0 0/0 8:35 0:34 0:00
Yannick Weber 0 0 0 0 2 3 0 1 0 1 0/0 17:47 1:59 1:54
Zach Redmond 0 0 0 1 0 0 0 0 0 0 0/0 14:59 0:00 0:04
Players Stats for Carnivores
Player Name G A P +/- PIM S H SB GA TA FO MP PP MP PK MP
------------------------------------------------------------------------------------
Andrew Ference 0 1 1 2 0 4 0 0 0 0 0/0 30:42 8:13 3:09
Anton Gustafsson 0 0 0 0 0 1 0 0 0 0 0/1 6:14 0:00 0:00
Billy Sweat 0 0 0 0 0 1 0 0 0 0 0/1 21:40 6:02 0:18
Blake Geoffrion 0 1 1 -2 0 2 3 0 0 1 4/4 24:10 7:15 1:47
Bobby Sanguinetti 0 0 0 0 0 0 0 0 1 0 0/0 8:52 0:00 0:00
Brian Strait 0 0 0 -1 0 0 0 0 0 0 0/0 6:08 0:00 0:00
Cal O'Reilly 1 1 2 1 0 2 4 0 1 0 7/11 22:43 6:02 1:37
Chris Lawrence 0 1 1 1 0 1 1 1 0 1 1/1 14:17 0:55 0:00
David Schlemko 0 0 0 0 0 0 0 0 0 1 0/0 8:52 0:00 0:00
David Van Der Gulik 3 0 3 -2 5 7 0 1 0 0 1/1 22:39 7:31 0:00
Evgeny Grachev 1 0 1 1 0 2 2 1 0 0 2/5 14:58 0:00 2:12
Ian Schultz 0 0 0 0 0 0 2 0 0 0 1/1 7:27 0:39 0:00
Jeremy Welsh 0 0 0 1 0 0 1 0 0 0 0/1 13:23 0:53 0:00
Jordie Benn 0 0 0 -1 0 0 0 1 0 1 0/0 6:08 0:00 0:00
Josef Melichar 0 2 2 2 0 2 2 4 0 0 0/0 30:42 8:13 3:09
Keith Aulie 0 0 0 -1 0 0 1 0 0 2 0/0 22:11 5:59 1:50
Matt Cullen 0 3 3 -2 0 3 4 1 1 0 19/37 28:52 7:17 2:48
Phil Oreskovic 0 0 0 -1 0 0 1 1 0 0 0/0 22:11 5:59 1:50
Tim Conboy 1 0 1 1 0 3 1 0 2 0 0/0 22:16 6:02 1:16
3 Stars
1 - Brad Marchand (Anc)
2 - Cal O'Reilly (Bre)
3 - Josef Melichar (Bre)
Power Play
Inferno - 1 on 1 Attempt(s) - 100,00%
Carnivores - 2 on 9 Attempt(s) - 22,22%
Penalty Kill
Inferno - 7 on 9 Attempt(s) - 77,78%
- Score 0 goal in Penalty Kill
Carnivores - 0 on 1 Attempt(s) - 0,00%
- Score 1 goal in Penalty Kill
Official
Referees : L'Ecuyer Frederick and Watson Brad
Linesman : Mark Shewchyk and Derek Nansen
Game Notes
David Van Der Gulik has scored a Hat Trick!
Finance
Level 1 -- Attendance: 1588 (79,40%) -- Ticket Income 61 932 $
Level 2 -- Attendance: 798 (79,80%) -- Ticket Income 14 364 $
Total Attendance: 2386 (79,53%)
Total Ticket Income: 76 296 $
Other Income: 3 815 $
Total Income: 80 111 $
Inferno
5 vs 5 Forward
Center Left Wing Right Wing Time % Phy DF OF
1 Colin Wilson Brad Marchand Jonathan Ferland 40 1 2 2
2 Brian Boyle Stephane Veilleux Jozef Balej 30 1 2 2
3 Jake Dowell Pierre-Luc Létourneau Pavel Vorobiev 20 1 2 2
4 Brayden Irwin Matt Kassian Vladimir Zharkov 10 1 2 2
5 vs 5 Defense
Defense Defense Time % Phy DF OF
1 Andrej Meszaros Andrej Sekera 40 1 2 2
2 Brendan Mikkelson Mark Mitera 30 1 2 2
3 Zach Redmond Yannick Weber 20 1 2 2
4 Andrej Meszaros Andrej Sekera 10 1 2 2
PowerPlay Forward
Center Left Wing Right Wing Time % Phy DF OF
1 Colin Wilson Brad Marchand Jonathan Ferland 60 1 2 2
2 Brian Boyle Stephane Veilleux Pavel Vorobiev 40 1 2 2
PowerPlay Defense
Defense Defense Time % Phy DF OF
1 Andrej Meszaros Andrej Sekera 60 1 2 2
2 Brendan Mikkelson Yannick Weber 40 1 2 2
Penalty Kill 4 Players Forward
Center Wing Time % Phy DF OF
1 Brian Boyle Jonathan Ferland 60 1 3 1
2 Colin Wilson Pierre-Luc Létourneau 40 1 3 1
Penalty Kill 4 Players Defense
Defense Defense Time % Phy DF OF
1 Andrej Meszaros Andrej Sekera 60 1 3 1
2 Brendan Mikkelson Mark Mitera 40 1 3 1
Penalty Kill - 3 Players Forward
Forward Time % Phy DF OF
1 Brian Boyle 60 1 4 0
2 Colin Wilson 40 1 4 0
Penalty Kill - 3 Players Defense
Defense Defense Time % Phy DF OF
1 Andrej Meszaros Andrej Sekera 60 1 4 0
2 Brendan Mikkelson Mark Mitera 40 1 4 0
4 vs 4 Forward
Center Wing Time % Phy DF OF
1 Colin Wilson Brad Marchand 60 1 2 2
2 Brian Boyle Jonathan Ferland 40 1 2 2
4 vs 4 Defense
Defense Defense Time % Phy DF OF
1 Andrej Meszaros Andrej Sekera 60 1 2 2
2 Brendan Mikkelson Mark Mitera 40 1 2 2
Last Minutes Offensive
Center Left Wing Right Wing Defense Defense
Colin Wilson Brad Marchand Jonathan Ferland Andrej Meszaros Andrej Sekera
Last Minutes Defensive
Center Left Wing Right Wing Defense Defense
Brian Boyle Brad Marchand Jonathan Ferland Andrej Meszaros Andrej Sekera
Goaltenders
Starting : Josh Harding
Backup : Jonathan Boutin
Extra Forwards
Normal : Jonathan Ferland, Pierre-Luc Létourneau, Jozef Balej - PP : Jozef Balej, Pierre-Luc Létourneau - PK : Brad Marchand
Extra Defensemen
Normal : Andrej Sekera, Brendan Mikkelson, Mark Mitera - PP : Yannick Weber - PK : Brendan Mikkelson, Andrej Sekera
Penalty Shots
Jozef Balej, Colin Wilson, Jonathan Ferland, Brad Marchand, Vladimir Zharkov
Carnivores
5 vs 5 Forward
Center Left Wing Right Wing Time % Phy DF OF
1 Matt Cullen Blake Geoffrion David Van Der Gulik 40 1 2 2
2 Cal O'Reilly Billy Sweat Tim Conboy 30 1 2 2
3 Evgeny Grachev Jeremy Welsh Chris Lawrence 20 1 2 2
4 Anton Gustafsson Matt Cullen Ian Schultz 10 1 2 2
5 vs 5 Defense
Defense Defense Time % Phy DF OF
1 Andrew Ference Josef Melichar 40 1 2 2
2 Keith Aulie Phil Oreskovic 30 1 2 2
3 Bobby Sanguinetti David Schlemko 20 1 2 2
4 Jordie Benn Brian Strait 10 1 2 2
PowerPlay Forward
Center Left Wing Right Wing Time % Phy DF OF
1 Matt Cullen Blake Geoffrion David Van Der Gulik 60 1 2 2
2 Cal O'Reilly Billy Sweat Tim Conboy 40 1 2 2
PowerPlay Defense
Defense Defense Time % Phy DF OF
1 Andrew Ference Josef Melichar 60 1 2 2
2 Keith Aulie Phil Oreskovic 40 1 2 2
Penalty Kill 4 Players Forward
Center Wing Time % Phy DF OF
1 Matt Cullen David Van Der Gulik 60 1 2 2
2 Tim Conboy Cal O'Reilly 40 1 2 2
Penalty Kill 4 Players Defense
Defense Defense Time % Phy DF OF
1 Andrew Ference Josef Melichar 60 1 2 2
2 Keith Aulie Phil Oreskovic 40 1 2 2
Penalty Kill - 3 Players Forward
Forward Time % Phy DF OF
1 Matt Cullen 60 1 2 2
2 David Van Der Gulik 40 1 2 2
Penalty Kill - 3 Players Defense
Defense Defense Time % Phy DF OF
1 Andrew Ference Josef Melichar 60 1 2 2
2 Keith Aulie Phil Oreskovic 40 1 2 2
4 vs 4 Forward
Center Wing Time % Phy DF OF
1 Matt Cullen David Van Der Gulik 60 1 2 2
2 Tim Conboy Cal O'Reilly 40 1 2 2
4 vs 4 Defense
Defense Defense Time % Phy DF OF
1 Andrew Ference Josef Melichar 60 1 2 2
2 Keith Aulie Phil Oreskovic 40 1 2 2
Last Minutes Offensive
Center Left Wing Right Wing Defense Defense
Matt Cullen Blake Geoffrion David Van Der Gulik Andrew Ference Josef Melichar
Last Minutes Defensive
Center Left Wing Right Wing Defense Defense
Matt Cullen Blake Geoffrion David Van Der Gulik Andrew Ference Josef Melichar
Goaltenders
Starting : Corey Crawford
Backup : Steve Mason
Extra Forwards
Normal : Chris Lawrence, Jeremy Welsh, Evgeny Grachev - PP : Chris Lawrence, Jeremy Welsh - PK : Evgeny Grachev
Extra Defensemen
Normal : Bobby Sanguinetti, David Schlemko, Jordie Benn - PP : Bobby Sanguinetti - PK : David Schlemko, Jordie Benn
Penalty Shots
Matt Cullen, David Van Der Gulik, Tim Conboy, Cal O'Reilly, Blake Geoffrion
% Time on Ice - Inferno
Lines # - Real PCT - Wanted PCT - Time Play
Normal Forward
1 - 34% - 40% - 16:36
2 - 29% - 30% - 13:58
3 - 21% - 20% - 10:07
4 - 16% - 10% - 8:01
Normal Defense
1 - 38% - 40% - 18:21
2 - 32% - 30% - 15:49
3 - 28% - 20% - 13:47
4 - 2% - 10% - 0:45
PP Forward
1 - 61% - 60% - 3:01
2 - 39% - 40% - 1:58
PP Defense
1 - 60% - 60% - 3:00
2 - 40% - 40% - 1:59
PK Forward
1 - 69% - 60% - 9:47
2 - 31% - 40% - 4:25
PK Defense
1 - 65% - 60% - 9:14
2 - 35% - 40% - 4:58
PK3 Forward
1 - 0% - 60%
2 - 0% - 40%
PK3 Defense
1 - 0% - 60%
2 - 0% - 40%
44 Forward
1 - 0% - 60%
2 - 0% - 40%
44 Defense
1 - 0% - 60%
2 - 0% - 40%
Last Minute Offensive - 0:00
Last Minute Defensive - 0:00
Total
Forward - 67:53
Defense - 67:53
|
% Time on Ice - Carnivores
Lines # - Real PCT - Wanted PCT - Time Play
Normal Forward
1 - 32% - 40% - 15:44
2 - 31% - 30% - 15:11
3 - 24% - 20% - 11:33
4 - 13% - 10% - 6:14
Normal Defense
1 - 40% - 40% - 19:20
2 - 30% - 30% - 14:22
3 - 18% - 20% - 8:52
4 - 13% - 10% - 6:08
PP Forward
1 - 58% - 60% - 8:10
2 - 42% - 40% - 6:02
PP Defense
1 - 58% - 60% - 8:13
2 - 42% - 40% - 5:59
PK Forward
1 - 75% - 60% - 3:43
2 - 25% - 40% - 1:16
PK Defense
1 - 63% - 60% - 3:09
2 - 37% - 40% - 1:50
PK3 Forward
1 - 0% - 60%
2 - 0% - 40%
PK3 Defense
1 - 0% - 60%
2 - 0% - 40%
44 Forward
1 - 0% - 60%
2 - 0% - 40%
44 Defense
1 - 0% - 60%
2 - 0% - 40%
Last Minute Offensive - 0:00
Last Minute Defensive - 0:00
Total
Forward - 67:53
Defense - 67:53
|
Play by Play
1st period
0:01 of 1st period - Colin Wilson wins face-off versus Matt Cullen in neutral zone.
0:08 of 1st period - Slapshot by Brad Marchand.
0:08 of 1st period - Deflect By Colin Wilson.
0:08 of 1st period - Shot Misses the Net.
0:08 of 1st period - Puck is out of play.
0:09 of 1st period - Colin Wilson wins face-off versus Matt Cullen in Carnivores zone.
0:50 of 1st period - Snap shot by David Van Der Gulik.
0:50 of 1st period - Stopped by Josh Harding with a rebound.
0:58 of 1st period - Wrist shot by David Van Der Gulik.
0:58 of 1st period - Stopped by Josh Harding without a rebound.
0:59 of 1st period - Brian Boyle wins face-off versus Cal O'Reilly in Inferno zone.
1:24 of 1st period - Chris Lawrence is hit by Pierre-Luc Létourneau and loses puck.
2:30 of 1st period - Wrist shot by Jeremy Welsh.
2:30 of 1st period - Shot Misses the Net.
2:46 of 1st period - Slapshot by Jonathan Ferland.
2:46 of 1st period - Stopped by Corey Crawford with a rebound.
2:48 of 1st period - Slapshot by Jonathan Ferland.
2:48 of 1st period - Goal by Jonathan Ferland - Inferno : 1 - Carnivores : 0.
2:49 of 1st period - Brian Boyle wins face-off versus Cal O'Reilly in neutral zone.
2:51 of 1st period - Off-side.
2:52 of 1st period - Cal O'Reilly wins face-off versus Brian Boyle in neutral zone.
3:03 of 1st period - Slapshot by Andrej Meszaros.
3:03 of 1st period - Shot Misses the Net.
4:03 of 1st period - Wrist shot by Brayden Irwin.
4:03 of 1st period - Shot Misses the Net.
4:48 of 1st period - Icing by Zach Redmond.
4:49 of 1st period - Evgeny Grachev wins face-off versus Colin Wilson in Inferno zone.
5:01 of 1st period - Snap shot by Jeremy Welsh.
5:01 of 1st period - Shot Blocked by Yannick Weber.
5:57 of 1st period - Matt Kassian is hit by Chris Lawrence and loses puck.
6:02 of 1st period - Snap shot by Chris Lawrence.
6:02 of 1st period - Shot Blocked by Andrej Sekera.
6:14 of 1st period - Wrist shot by Matt Cullen.
6:14 of 1st period - Stopped by Josh Harding with a rebound.
6:16 of 1st period - Wrist shot by Anton Gustafsson.
6:16 of 1st period - Stopped by Josh Harding with a rebound.
6:18 of 1st period - Snap shot by Matt Cullen.
6:18 of 1st period - Shot Blocked by Brad Marchand.
6:30 of 1st period - Snap shot by Cal O'Reilly.
6:30 of 1st period - Shot Misses the Net.
6:32 of 1st period - Slapshot by Andrew Ference.
6:32 of 1st period - Stopped by Josh Harding without a rebound.
6:33 of 1st period - Cal O'Reilly wins face-off versus Brian Boyle in Inferno zone.
6:56 of 1st period - Andrew Ference is hit by Jonathan Ferland and loses puck.
7:03 of 1st period - Slapshot by Colin Wilson.
7:03 of 1st period - Shot Misses the Net.
7:05 of 1st period - Wrist shot by Colin Wilson.
7:05 of 1st period - Stopped by Corey Crawford with a rebound.
7:07 of 1st period - Slapshot by Zach Redmond.
7:07 of 1st period - Shot Blocked by Matt Cullen.
7:13 of 1st period - Major Penalty to David Van Der Gulik for Kneeing.
7:14 of 1st period - Matt Cullen wins face-off versus Colin Wilson in Carnivores zone.
7:27 of 1st period - Slapshot by Colin Wilson.
7:27 of 1st period - Shot Misses the Net.
7:39 of 1st period - Snap shot by Pavel Vorobiev.
7:39 of 1st period - Shot Blocked by Josef Melichar.
7:41 of 1st period - Slapshot by Brendan Mikkelson.
7:41 of 1st period - Stopped by Corey Crawford with a rebound.
7:43 of 1st period - Wrist shot by Brian Boyle.
7:43 of 1st period - Shot Misses the Net.
7:45 of 1st period - Wrist shot by Yannick Weber.
7:45 of 1st period - Stopped by Corey Crawford with a rebound.
7:47 of 1st period - Slapshot by Pavel Vorobiev.
7:47 of 1st period - Shot Misses the Net.
7:49 of 1st period - Slapshot by Pavel Vorobiev.
7:49 of 1st period - Stopped by Corey Crawford without a rebound.
7:50 of 1st period - Matt Cullen wins face-off versus Colin Wilson in Carnivores zone.
7:50 of 1st period - Matt Cullen is hit by Jonathan Ferland.
8:00 of 1st period - Wrist shot by Colin Wilson.
8:00 of 1st period - Shot Misses the Net.
8:02 of 1st period - Backhand shot by Brad Marchand.
8:02 of 1st period - Goal by Brad Marchand - Inferno : 2 - Carnivores : 0.
8:03 of 1st period - Matt Cullen wins face-off versus Colin Wilson in neutral zone.
8:33 of 1st period - Wrist shot by Cal O'Reilly.
8:33 of 1st period - Goal by Cal O'Reilly - Inferno : 2 - Carnivores : 1.
8:34 of 1st period - Colin Wilson wins face-off versus Matt Cullen in neutral zone.
9:29 of 1st period - Cal O'Reilly is hit by Colin Wilson and loses puck.
10:35 of 1st period - Slapshot by Yannick Weber.
10:35 of 1st period - Stopped by Corey Crawford with a rebound.
10:45 of 1st period - Tim Conboy is hit by Pierre-Luc Létourneau and loses puck.
10:54 of 1st period - Slapshot by Andrej Meszaros.
10:54 of 1st period - Stopped by Corey Crawford without a rebound.
10:55 of 1st period - Brian Boyle wins face-off versus Matt Cullen in Carnivores zone.
10:56 of 1st period - Snap shot by Pavel Vorobiev.
10:56 of 1st period - Shot Blocked by Evgeny Grachev.
10:58 of 1st period - Slapshot by Andrej Sekera.
10:58 of 1st period - Shot Misses the Net.
11:00 of 1st period - Wrist shot by Pavel Vorobiev.
11:00 of 1st period - Shot Blocked by Phil Oreskovic.
11:02 of 1st period - Wrist shot by Brian Boyle.
11:02 of 1st period - Stopped by Corey Crawford with a rebound.
11:24 of 1st period - Phil Oreskovic is hit by Brendan Mikkelson and loses puck.
12:13 of 1st period - Penalty to David Van Der Gulik is over, David Van Der Gulik is back on ice.
12:27 of 1st period - Slapshot by Vladimir Zharkov.
12:27 of 1st period - Shot Misses the Net.
14:00 of 1st period - Snap shot by Pavel Vorobiev.
14:00 of 1st period - Stopped by Corey Crawford without a rebound.
14:01 of 1st period - Jake Dowell wins face-off versus Jeremy Welsh in Carnivores zone.
14:04 of 1st period - Slapshot by Pierre-Luc Létourneau.
14:04 of 1st period - Shot Misses the Net.
14:06 of 1st period - Slapshot by Brendan Mikkelson.
14:06 of 1st period - Stopped by Corey Crawford without a rebound.
14:07 of 1st period - Matt Cullen wins face-off versus Jake Dowell in Carnivores zone.
14:14 of 1st period - Pierre-Luc Létourneau is hit by Matt Cullen and loses puck.
14:38 of 1st period - Snap shot by Tim Conboy.
14:38 of 1st period - Shot Misses the Net.
14:40 of 1st period - Slapshot by Josef Melichar.
14:40 of 1st period - Deflect By Jonathan Ferland.
14:40 of 1st period - Stopped by Josh Harding with a rebound.
15:35 of 1st period - Billy Sweat is hit by Brad Marchand and loses puck.
16:15 of 1st period - Icing by Stephane Veilleux.
16:16 of 1st period - Ian Schultz wins face-off versus Brian Boyle in Inferno zone.
16:30 of 1st period - Snap shot by Stephane Veilleux.
16:30 of 1st period - Stopped by Corey Crawford with a rebound.
16:32 of 1st period - Slapshot by Mark Mitera.
16:32 of 1st period - Shot Blocked by Josef Melichar.
16:39 of 1st period - Icing by Josef Melichar.
16:40 of 1st period - Cal O'Reilly wins face-off versus Colin Wilson in Carnivores zone.
16:51 of 1st period - Snap shot by Jonathan Ferland.
16:51 of 1st period - Shot Blocked by Josef Melichar.
16:53 of 1st period - Wrist shot by Brad Marchand.
16:53 of 1st period - Stopped by Corey Crawford with a rebound.
16:55 of 1st period - Snap shot by Andrej Sekera.
16:55 of 1st period - Stopped by Corey Crawford without a rebound.
16:56 of 1st period - Brian Boyle wins face-off versus Matt Cullen in Carnivores zone.
17:05 of 1st period - Wrist shot by Stephane Veilleux.
17:05 of 1st period - Goal by Stephane Veilleux - Inferno : 3 - Carnivores : 1.
17:06 of 1st period - Matt Cullen wins face-off versus Colin Wilson in neutral zone.
17:15 of 1st period - Snap shot by Matt Cullen.
17:15 of 1st period - Stopped by Josh Harding without a rebound.
17:16 of 1st period - Jonathan Ferland wins face-off versus Matt Cullen in Inferno zone.
17:29 of 1st period - Slapshot by David Van Der Gulik.
17:29 of 1st period - Goal by David Van Der Gulik - Inferno : 3 - Carnivores : 2.
17:30 of 1st period - Matt Cullen wins face-off versus Colin Wilson in neutral zone.
17:30 of 1st period - Blake Geoffrion is hit by Andrej Sekera and loses puck.
17:35 of 1st period - Wrist shot by Blake Geoffrion.
17:35 of 1st period - Stopped by Josh Harding without a rebound.
17:36 of 1st period - Matt Cullen wins face-off versus Colin Wilson in Inferno zone.
17:39 of 1st period - Snap shot by David Van Der Gulik.
17:39 of 1st period - Shot Misses the Net.
17:41 of 1st period - Slapshot by Blake Geoffrion.
17:41 of 1st period - Shot Misses the Net.
17:43 of 1st period - Wrist shot by Matt Cullen.
17:43 of 1st period - Shot Misses the Net.
17:45 of 1st period - Slapshot by Andrew Ference.
17:45 of 1st period - Deflect By Matt Cullen.
17:45 of 1st period - Stopped by Josh Harding with a rebound.
17:47 of 1st period - Slapshot by Josef Melichar.
17:47 of 1st period - Stopped by Josh Harding without a rebound.
17:48 of 1st period - Colin Wilson wins face-off versus Matt Cullen in Inferno zone.
17:50 of 1st period - Minor Penalty to Andrej Meszaros for Hooking.
17:51 of 1st period - Blake Geoffrion wins face-off versus Brian Boyle in Inferno zone.
18:46 of 1st period - Brendan Mikkelson is hit by Matt Cullen and loses puck.
19:50 of 1st period - Penalty to Andrej Meszaros is over, Andrej Meszaros is back on ice.
Goals for this period are 3 for Inferno vs 2 for Carnivores.
Shots for this period are 16 for Inferno vs 12 for Carnivores.
2nd period
0:01 of 2nd period - Colin Wilson wins face-off versus Matt Cullen in neutral zone.
0:12 of 2nd period - Wrist shot by Jonathan Ferland.
0:12 of 2nd period - Shot Blocked by David Van Der Gulik.
0:28 of 2nd period - Slapshot by Brian Boyle.
0:28 of 2nd period - Stopped by Corey Crawford with a rebound.
0:54 of 2nd period - Slapshot by Evgeny Grachev.
0:54 of 2nd period - Stopped by Josh Harding with a rebound.
1:46 of 2nd period - Snap shot by Stephane Veilleux.
1:46 of 2nd period - Deflect By Blake Geoffrion.
1:46 of 2nd period - Stopped by Corey Crawford with a rebound.
2:30 of 2nd period - Slapshot by David Van Der Gulik.
2:30 of 2nd period - Shot Blocked by Mark Mitera.
2:37 of 2nd period - Icing by Brendan Mikkelson.
2:38 of 2nd period - Brian Boyle wins face-off versus Evgeny Grachev in Inferno zone.
2:49 of 2nd period - Wrist shot by Stephane Veilleux.
2:49 of 2nd period - Shot Misses the Net.
2:51 of 2nd period - Slapshot by Stephane Veilleux.
2:51 of 2nd period - Shot Misses the Net.
2:53 of 2nd period - Snap shot by Brendan Mikkelson.
2:53 of 2nd period - Deflect By Stephane Veilleux.
2:53 of 2nd period - Stopped by Corey Crawford without a rebound.
2:54 of 2nd period - Colin Wilson wins face-off versus Matt Cullen in Carnivores zone.
3:03 of 2nd period - Snap shot by Jonathan Ferland.
3:03 of 2nd period - Stopped by Corey Crawford without a rebound.
3:04 of 2nd period - Blake Geoffrion wins face-off versus Colin Wilson in Carnivores zone.
3:04 of 2nd period - Blake Geoffrion is hit by Brad Marchand.
3:10 of 2nd period - Slapshot by Jonathan Ferland.
3:10 of 2nd period - Shot Misses the Net.
3:12 of 2nd period - Snap shot by Jonathan Ferland.
3:12 of 2nd period - Stopped by Corey Crawford without a rebound.
3:13 of 2nd period - Colin Wilson wins face-off versus Matt Cullen in Carnivores zone.
4:04 of 2nd period - Brendan Mikkelson is hit by Jeremy Welsh and loses puck.
4:21 of 2nd period - Keith Aulie is hit by Vladimir Zharkov and loses puck.
4:41 of 2nd period - Off-side.
4:42 of 2nd period - Colin Wilson wins face-off versus Matt Cullen in neutral zone.
5:59 of 2nd period - Wrist shot by Tim Conboy.
5:59 of 2nd period - Shot Misses the Net.
6:13 of 2nd period - Yannick Weber is hit by Tim Conboy and loses puck.
6:54 of 2nd period - Andrej Meszaros is hit by Josef Melichar and loses puck.
7:10 of 2nd period - Tim Conboy is hit by Jake Dowell and loses puck.
7:40 of 2nd period - Wrist shot by Evgeny Grachev.
7:40 of 2nd period - Shot Misses the Net.
7:42 of 2nd period - Backhand shot by Andrew Ference.
7:42 of 2nd period - Shot Blocked by Jonathan Ferland.
7:44 of 2nd period - Snap shot by Chris Lawrence.
7:44 of 2nd period - Shot Misses the Net.
7:46 of 2nd period - Wrist shot by Evgeny Grachev.
7:46 of 2nd period - Goal by Evgeny Grachev - Inferno : 3 - Carnivores : 3.
7:47 of 2nd period - Colin Wilson wins face-off versus Matt Cullen in neutral zone.
8:14 of 2nd period - Andrej Meszaros is hit by Evgeny Grachev and loses puck.
8:43 of 2nd period - Slapshot by Andrej Sekera.
8:43 of 2nd period - Stopped by Corey Crawford without a rebound.
8:44 of 2nd period - Matt Cullen wins face-off versus Colin Wilson in Carnivores zone.
8:57 of 2nd period - Blake Geoffrion is hit by Brad Marchand.
9:09 of 2nd period - Brian Boyle is hit by Evgeny Grachev and loses puck.
10:41 of 2nd period - Wrist shot by Brayden Irwin.
10:41 of 2nd period - Stopped by Corey Crawford with a rebound.
10:43 of 2nd period - Slapshot by Matt Kassian.
10:43 of 2nd period - Shot Blocked by Jordie Benn.
10:45 of 2nd period - Slapshot by Yannick Weber.
10:45 of 2nd period - Shot Misses the Net.
10:47 of 2nd period - Snap shot by Brayden Irwin.
10:47 of 2nd period - Shot Misses the Net.
10:49 of 2nd period - Wrist shot by Vladimir Zharkov.
10:49 of 2nd period - Deflect By Brayden Irwin.
10:49 of 2nd period - Stopped by Corey Crawford with a rebound.
10:51 of 2nd period - Slapshot by Yannick Weber.
10:51 of 2nd period - Stopped by Corey Crawford without a rebound.
10:52 of 2nd period - Cal O'Reilly wins face-off versus Colin Wilson in Carnivores zone.
11:27 of 2nd period - Slapshot by Evgeny Grachev.
11:27 of 2nd period - Shot Misses the Net.
11:57 of 2nd period - Mark Mitera is hit by Cal O'Reilly.
12:30 of 2nd period - Snap shot by Jozef Balej.
12:30 of 2nd period - Shot Hit the Post.
12:46 of 2nd period - Jordie Benn is hit by Jake Dowell and loses puck.
13:32 of 2nd period - Icing by Yannick Weber.
13:33 of 2nd period - Brian Boyle wins face-off versus Anton Gustafsson in Inferno zone.
13:33 of 2nd period - Brian Boyle is hit by Ian Schultz.
14:24 of 2nd period - Minor Penalty to Yannick Weber for Holding.
14:25 of 2nd period - Blake Geoffrion wins face-off versus Brian Boyle in Inferno zone.
16:03 of 2nd period - Phil Oreskovic is hit by Pierre-Luc Létourneau.
16:24 of 2nd period - Penalty to Yannick Weber is over, Yannick Weber is back on ice.
16:24 of 2nd period - Icing by Keith Aulie.
16:25 of 2nd period - Chris Lawrence wins face-off versus Pavel Vorobiev in Carnivores zone.
17:07 of 2nd period - Snap shot by Stephane Veilleux.
17:07 of 2nd period - Shot Misses the Net.
18:22 of 2nd period - Brendan Mikkelson is hit by Blake Geoffrion and loses puck.
19:01 of 2nd period - David Van Der Gulik is hit by Jake Dowell and loses puck.
19:08 of 2nd period - Wrist shot by Pierre-Luc Létourneau.
19:08 of 2nd period - Goal by Pierre-Luc Létourneau - Inferno : 4 - Carnivores : 3.
19:09 of 2nd period - Cal O'Reilly wins face-off versus Colin Wilson in neutral zone.
19:58 of 2nd period - Snap shot by David Van Der Gulik.
19:58 of 2nd period - Stopped by Josh Harding with a rebound.
Goals for this period are 1 for Inferno vs 1 for Carnivores.
Shots for this period are 10 for Inferno vs 3 for Carnivores.
3rd period
0:01 of 3rd period - Colin Wilson wins face-off versus Matt Cullen in neutral zone.
0:04 of 3rd period - Blake Geoffrion is hit by Jonathan Ferland and loses puck.
0:11 of 3rd period - Wrist shot by David Van Der Gulik.
0:11 of 3rd period - Shot Misses the Net.
0:13 of 3rd period - Slapshot by Andrew Ference.
0:13 of 3rd period - Stopped by Josh Harding without a rebound.
0:14 of 3rd period - Matt Cullen wins face-off versus Colin Wilson in Inferno zone.
0:39 of 3rd period - Andrej Meszaros is hit by Cal O'Reilly and loses puck.
1:05 of 3rd period - Snap shot by Pavel Vorobiev.
1:05 of 3rd period - Stopped by Corey Crawford without a rebound.
1:06 of 3rd period - Evgeny Grachev wins face-off versus Jake Dowell in Carnivores zone.
1:19 of 3rd period - Snap shot by Pavel Vorobiev.
1:19 of 3rd period - Stopped by Corey Crawford with a rebound.
1:21 of 3rd period - Snap shot by Pavel Vorobiev.
1:21 of 3rd period - Shot Blocked by Chris Lawrence.
1:33 of 3rd period - Snap shot by Jonathan Ferland.
1:33 of 3rd period - Stopped by Corey Crawford with a rebound.
1:35 of 3rd period - Snap shot by Mark Mitera.
1:35 of 3rd period - Shot Blocked by Josef Melichar.
1:37 of 3rd period - Wrist shot by Brad Marchand.
1:37 of 3rd period - Goal by Brad Marchand - Inferno : 5 - Carnivores : 3.
1:38 of 3rd period - Matt Cullen wins face-off versus Colin Wilson in neutral zone.
1:46 of 3rd period - Slapshot by Andrej Meszaros.
1:46 of 3rd period - Deflect By Keith Aulie.
1:46 of 3rd period - Stopped by Corey Crawford with a rebound.
1:48 of 3rd period - Snap shot by Colin Wilson.
1:48 of 3rd period - Stopped by Corey Crawford without a rebound.
1:49 of 3rd period - Matt Cullen wins face-off versus Brad Marchand in Carnivores zone.
1:49 of 3rd period - Matt Cullen is hit by Andrej Sekera.
1:56 of 3rd period - Minor Penalty to Brad Marchand for Interference.
1:57 of 3rd period - Blake Geoffrion wins face-off versus Brian Boyle in Inferno zone.
1:59 of 3rd period - Wrist shot by David Van Der Gulik.
1:59 of 3rd period - Goal by David Van Der Gulik - Inferno : 5 - Carnivores : 4.
2:00 of 3rd period - Matt Cullen wins face-off versus Colin Wilson in neutral zone.
2:12 of 3rd period - Snap shot by Brad Marchand.
2:12 of 3rd period - Stopped by Corey Crawford with a rebound.
2:14 of 3rd period - Slapshot by Jonathan Ferland.
2:14 of 3rd period - Shot Hit the Post.
2:37 of 3rd period - Minor Penalty to Brian Boyle for Hooking.
2:38 of 3rd period - Matt Cullen wins face-off versus Brad Marchand in Inferno zone.
2:46 of 3rd period - Wrist shot by David Van Der Gulik.
2:46 of 3rd period - Deflect By Matt Cullen.
2:46 of 3rd period - Shot Blocked by Brad Marchand.
2:46 of 3rd period - Puck is out of play.
2:47 of 3rd period - Matt Cullen wins face-off versus Brad Marchand in Inferno zone.
2:52 of 3rd period - Snap shot by David Van Der Gulik.
2:52 of 3rd period - Goal by David Van Der Gulik - Inferno : 5 - Carnivores : 5.
2:53 of 3rd period - David Van Der Gulik wins face-off versus Colin Wilson in neutral zone.
2:53 of 3rd period - David Van Der Gulik is hit by Brad Marchand.
3:44 of 3rd period - Snap shot by Chris Lawrence.
3:44 of 3rd period - Shot Blocked by Pavel Vorobiev.
3:46 of 3rd period - Wrist shot by Jeremy Welsh.
3:46 of 3rd period - Shot Misses the Net.
3:48 of 3rd period - Slapshot by Andrew Ference.
3:48 of 3rd period - Shot Blocked by Brendan Mikkelson.
4:40 of 3rd period - Snap shot by Jozef Balej.
4:40 of 3rd period - Stopped by Corey Crawford without a rebound.
4:41 of 3rd period - Colin Wilson wins face-off versus Evgeny Grachev in Carnivores zone.
4:56 of 3rd period - Snap shot by Colin Wilson.
4:56 of 3rd period - Stopped by Corey Crawford without a rebound.
4:57 of 3rd period - Brian Boyle wins face-off versus Matt Cullen in Carnivores zone.
5:31 of 3rd period - Double Minor Penalty to Stephane Veilleux for Roughing.
5:32 of 3rd period - Matt Cullen wins face-off versus Brian Boyle in Inferno zone.
5:32 of 3rd period - Snap shot by David Van Der Gulik.
5:32 of 3rd period - Stopped by Josh Harding without a rebound.
5:33 of 3rd period - Matt Cullen wins face-off versus Brian Boyle in Inferno zone.
5:46 of 3rd period - Slapshot by David Van Der Gulik.
5:46 of 3rd period - Shot Misses the Net.
5:48 of 3rd period - Slapshot by Blake Geoffrion.
5:48 of 3rd period - Stopped by Josh Harding without a rebound.
5:49 of 3rd period - Matt Cullen wins face-off versus Brian Boyle in Inferno zone.
8:17 of 3rd period - Andrew Ference is hit by Jake Dowell and loses puck.
8:22 of 3rd period - Snap shot by Jake Dowell.
8:22 of 3rd period - Deflect By Matt Kassian.
8:22 of 3rd period - Shot Misses the Net.
8:22 of 3rd period - Puck is out of play.
8:23 of 3rd period - Brian Boyle wins face-off versus Billy Sweat in Carnivores zone.
8:57 of 3rd period - Brian Boyle is hit by Cal O'Reilly and loses puck.
9:31 of 3rd period - Penalty to Stephane Veilleux is over, Stephane Veilleux is back on ice.
9:38 of 3rd period - Brad Marchand is hit by Ian Schultz and loses puck.
9:59 of 3rd period - Evgeny Grachev is hit by Andrej Sekera and loses puck.
10:12 of 3rd period - Pierre-Luc Létourneau is hit by Matt Cullen and loses puck.
11:51 of 3rd period - Yannick Weber is hit by Keith Aulie and loses puck.
12:06 of 3rd period - Chris Lawrence is hit by Stephane Veilleux and loses puck.
12:27 of 3rd period - David Schlemko is hit by Andrej Meszaros and loses puck.
12:38 of 3rd period - Minor Penalty to Matt Kassian for Holding.
12:39 of 3rd period - Brian Boyle wins face-off versus Matt Cullen in Inferno zone.
13:15 of 3rd period - Slapshot by Tim Conboy.
13:15 of 3rd period - Stopped by Josh Harding without a rebound.
13:16 of 3rd period - Colin Wilson wins face-off versus Cal O'Reilly in Inferno zone.
13:23 of 3rd period - Slapshot by Andrej Sekera.
13:23 of 3rd period - Stopped by Corey Crawford with a rebound.
13:48 of 3rd period - Slapshot by Andrew Ference.
13:48 of 3rd period - Deflect By Cal O'Reilly.
13:48 of 3rd period - Stopped by Josh Harding with a rebound.
13:50 of 3rd period - Slapshot by Andrew Ference.
13:50 of 3rd period - Shot Blocked by Andrej Sekera.
13:52 of 3rd period - Wrist shot by Tim Conboy.
13:52 of 3rd period - Shot Blocked by Andrej Sekera.
13:54 of 3rd period - Slapshot by Billy Sweat.
13:54 of 3rd period - Stopped by Josh Harding without a rebound.
13:55 of 3rd period - Brian Boyle wins face-off versus Matt Cullen in Inferno zone.
13:55 of 3rd period - Brian Boyle is hit by Matt Cullen.
14:09 of 3rd period - Mark Mitera is hit by Blake Geoffrion and loses puck.
14:24 of 3rd period - Blake Geoffrion is hit by Mark Mitera and loses puck.
14:38 of 3rd period - Penalty to Matt Kassian is over, Matt Kassian is back on ice.
15:07 of 3rd period - Brian Boyle is hit by Cal O'Reilly and loses puck.
15:56 of 3rd period - Icing by Colin Wilson.
15:57 of 3rd period - Matt Cullen wins face-off versus Jake Dowell in Inferno zone.
17:58 of 3rd period - Minor Penalty to Jake Dowell for Hooking.
17:59 of 3rd period - Brian Boyle wins face-off versus Matt Cullen in Inferno zone.
19:11 of 3rd period - Keith Aulie is hit by Brendan Mikkelson and loses puck.
19:24 of 3rd period - Brendan Mikkelson is hit by Phil Oreskovic and loses puck.
19:58 of 3rd period - Penalty to Jake Dowell is over, Jake Dowell is back on ice.
Goals for this period are 1 for Inferno vs 2 for Carnivores.
Shots for this period are 10 for Inferno vs 8 for Carnivores.
Overtime #1
0:01 of 1st overtime period - Matt Cullen wins face-off versus Brad Marchand in neutral zone.
0:04 of 1st overtime period - Snap shot by David Van Der Gulik.
0:04 of 1st overtime period - Shot Misses the Net.
0:06 of 1st overtime period - Wrist shot by Andrew Ference.
0:06 of 1st overtime period - Deflect By Andrej Sekera.
0:06 of 1st overtime period - Stopped by Josh Harding with a rebound.
0:08 of 1st overtime period - Snap shot by Matt Cullen.
0:08 of 1st overtime period - Shot Hit the Post.
0:10 of 1st overtime period - Slapshot by Josef Melichar.
0:10 of 1st overtime period - Shot Blocked by Andrej Meszaros.
0:12 of 1st overtime period - Slapshot by Andrew Ference.
0:12 of 1st overtime period - Stopped by Josh Harding without a rebound.
0:13 of 1st overtime period - Colin Wilson wins face-off versus Matt Cullen in Inferno zone.
1:41 of 1st overtime period - Andrew Ference is hit by Matt Kassian and loses puck.
2:04 of 1st overtime period - Anton Gustafsson is hit by Mark Mitera and loses puck.
2:34 of 1st overtime period - Icing by Matt Cullen.
2:35 of 1st overtime period - Jonathan Ferland wins face-off versus Evgeny Grachev in Carnivores zone.
2:45 of 1st overtime period - Minor Penalty to Colin Wilson for Hooking.
2:46 of 1st overtime period - Brian Boyle wins face-off versus Cal O'Reilly in Inferno zone.
3:12 of 1st overtime period - Andrej Meszaros is hit by Blake Geoffrion and loses puck.
3:49 of 1st overtime period - Tim Conboy is hit by Mark Mitera and loses puck.
4:33 of 1st overtime period - Brian Boyle is hit by Josef Melichar and loses puck.
4:45 of 1st overtime period - Penalty to Colin Wilson is over, Colin Wilson is back on ice.
6:26 of 1st overtime period - Snap shot by Vladimir Zharkov.
6:26 of 1st overtime period - Shot Misses the Net.
7:29 of 1st overtime period - Snap shot by Andrej Meszaros.
7:29 of 1st overtime period - Stopped by Corey Crawford with a rebound.
7:45 of 1st overtime period - Snap shot by David Van Der Gulik.
7:45 of 1st overtime period - Shot Misses the Net.
7:47 of 1st overtime period - Wrist shot by Chris Lawrence.
7:47 of 1st overtime period - Stopped by Josh Harding without a rebound.
7:48 of 1st overtime period - Cal O'Reilly wins face-off versus Colin Wilson in Inferno zone.
7:49 of 1st overtime period - Snap shot by Tim Conboy.
7:49 of 1st overtime period - Stopped by Josh Harding without a rebound.
7:50 of 1st overtime period - Cal O'Reilly wins face-off versus Colin Wilson in Inferno zone.
7:53 of 1st overtime period - Wrist shot by Tim Conboy.
7:53 of 1st overtime period - Goal by Tim Conboy - Inferno : 5 - Carnivores : 6.
Goals for this period are 0 for Inferno vs 1 for Carnivores.
Shots for this period are 1 for Inferno vs 5 for Carnivores.
Output by the SimonT Hockey Simulator (STHS) for François Prévost -- Original Page W3C XHTML 1.0 Valid